 Dungeon Crawl Stone Soup version 0.26.0-45-g9c1d065592 (webtiles) character file.

Game seed: 3918845581281240979

129 trckry the Bolt Thrower (level 5, -3/31 HPs)
             Began as a Tengu Hunter on Jan 28, 2021.
             Killed by divine providence
             ... invoked by an orc priest
              (13 damage)
             ... on level 3 of the Dungeon.
             The game lasted 00:05:28 (2944 turns).

trckry the Bolt Thrower (Tengu Hunter)              Turns: 2944, Time: 00:05:29

Health: -3/31      AC:  6    Str: 13    XL:     5   Next: 12%
Magic:  6/6        EV: 10    Int: 11    God:
Gold:   140        SH:  0    Dex: 15    Spells: 4/4 levels left

rFire    . . .     SeeInvis .   a - +1 hand crossbow
rCold    . . .     Faith    .   (no shield)
rNeg     . . .     Spirit   .   k - +0 scale mail
rPois    .         Reflect  .   (helmet restricted)
rElec    .         Harm     .   (no cloak)
rCorr    .         Rampage  .   (no gloves)
Will     .....                  (boots unavailable)
Stlth    ..........             (no amulet)
HPRegen  0.10/turn              (no ring)
MPRegen  0.10/turn              (no ring)

@: slowed, very slow
A: beak, talons 3, able to fly
a: Fly


You were on level 3 of the Dungeon.
You visited 1 branch of the dungeon, and saw 3 of its levels.

You collected 140 gold pieces.

Inventory:

Hand Weapons
 a - a +1 hand crossbow (weapon)
 b - a +0 short sword
Missiles
 d - 25 bolts (quivered ammo)
 e - 14 poisoned darts
Armour
 k - a +0 scale mail (worn)
Scrolls
 c - a scroll of remove curse {unknown}
 f - 4 scrolls of identify {unknown}
 h - a scroll of amnesia {unknown}
 i - a scroll of magic mapping {unknown}
 j - a scroll of immolation {unknown}
Potions
 g - a potion of curing


   Skills:
 + Level 2.4 Fighting
 * Level 2.2 Staves
 * Level 5.0 Crossbows
 + Level 1.3 Armour
 + Level 2.7 Dodging
 - Level 1.0 Stealth
 + Level 1.0 Invocations
 + Level 1.3 Evocations


You had 4 spell levels left.
You didn't know any spells.
Your spell library was empty.

Dungeon Overview and Level Annotations

Branches:
Dungeon (3/15)

Altars:


Innate Abilities, Weirdness & Mutations

You have a beak for a mouth.
You have claws for feet.
You can fly continuously.


Message History

Press: ? - help, Q - select action, (/) - cycle Shift-Dir - straight line, f/p - orc
Aim: an orc, wielding a +0 morningstar (66% to hit)
You shoot a bolt. The bolt hits the orc!
You kill the orc!
The orc wizard casts a spell at you.
You feel yourself slow down.
Fire: 26 bolts
Press: ? - help, Q - select action, (/) - cycle Shift-Dir - straight line, f - orc wizard
Aim: an orc wizard, wielding a +0 dagger and wearing a +0 robe (heavily wounded, 60% to hit)
You shoot a bolt. The bolt hits the orc wizard!
The orc wizard is almost dead.
The orc wizard casts a spell at you. The magic dart hits you!
The orc priest calls down the wrath of Beogh upon you.
Beogh smites you!
* * * LOW HITPOINT WARNING * * *
You feel better.
The orc priest calls down the wrath of Beogh upon you.
Beogh smites you!
You die...

##.#.##
#.#.........#
.....###.#.#########
#..[#...#.#
##.#...##.#..#
#....<†...#.##
.......>#####.#
#.......#####.#
######..#.....#
#..#@##### #..#)#
..(#(# ##.#o# #(#
#o# #(# .(. #....


You could see an orc priest and an orc wizard.

Vanquished Creatures
  Terence (D:2)
  3 adders (D:3)
  3 gnolls
  A dart slug (D:1)
  2 leopard geckos (D:1)
  2 orcs (D:3)
  7 bats
  2 giant cockroaches
  7 goblins (D:1)
  4 hobgoblins
  A jackal (D:2)
  3 frilled lizards
  6 kobolds
  4 rats
46 creatures vanquished.

Notes
Turn   | Place    | Note
-------+----------+-------------------------------------------
     0 | D:1      | trckry the Tengu Hunter began the quest for the Orb.
     0 | D:1      | Reached XP level 1. HP: 12/12 MP: 2/2
    58 | D:1      | Reached XP level 2. HP: 6/17 MP: 3/3
   603 | D:1      | Reached skill level 1 in Staves
  1050 | D:1      | Reached XP level 3. HP: 19/21 MP: 4/4
  1566 | D:2      | Noticed Terence
  1867 | D:2      | Killed Terence
  1868 | D:2      | Reached skill level 1 in Armour
  1868 | D:2      | Reached skill level 1 in Evocations
  1868 | D:2      | Reached XP level 4. HP: 26/26 MP: 5/5
  2000 | D:1      | HP: 1/26 [gnoll/+0 flail (10)]
  2736 | D:2      | Found a faded altar of an unknown god.
  2934 | D:3      | Reached skill level 1 in Invocations
  2934 | D:3      | Gained mutation: You can fly continuously. [Tengu growth]
  2934 | D:3      | Reached XP level 5. HP: 25/31 MP: 6/6
  2940 | D:3      | Reached skill level 5 in Crossbows
  2943 | D:3      | HP: 3/31 [orc priest/divine providence (9)]
  2944 | D:3      | Killed from afar by an orc priest

Illustrated notes

Levels and vault maps discovered:
D:1:      mrwooster_arrival_arrow, layout_basic, minmay_hexomino_u4
D:2:      layout_basic, chequers_ecumenical_altar_twisty,
          kennysheep_generic_room_11, uniq_terence
D:3:      layout_basic, minivault_23, grunt_decor_mini_mirrors, st_stairs_13,
          serial_bayou_pond_b

Skill      XL: |  1  2  3  4  5 |
---------------+----------------+-----
Staves         | 1 2 |  2.2
Armour         | 1 |  1.3
Evocations     | 1 |  1.3
Invocations    | 1 |  1.0
Crossbows      | 5 |  5.0
Fighting       | |  2.4
Dodging        | |  2.7
Stealth        | |  1.0

Action                   |  1- 3 |  4- 6 || total
-------------------------+-------+-------++-------
Melee: Short sword       |    67 |    30 ||    97
       Kick              |    17 |     2 ||    19
       Peck              |     5 |     8 ||    13
 Fire: Hand crossbow     |    10 |    19 ||    29
Throw: Dart              |     5 |    19 ||    24
  Use: Potion            |       |     2 ||     2
 Stab: Sleeping          |     3 |       ||     3
Armor: Leather armour    |    18 |     1 ||    19
       Scale mail        |       |    28 ||    28
Dodge: Dodged            |    46 |    34 ||    80
